 Dungeon Crawl Stone Soup version 0.29.0-13-gc9e81de378 (webtiles) character file.

Game seed: 13235343766634142373

35 Powertoast the Sneak (level 3, -4/17 HPs)
             Began as a Spriggan Enchanter on Sept 10, 2022.
             Slain by a gnoll
             ... wielding a +0 flail
              (9 damage)
             ... on level 2 of the Dungeon.
             The game lasted 00:05:12 (1107 turns).

Powertoast the Sneak (Spriggan Enchanter)           Turns: 1107, Time: 00:05:12

Health: -4/17      AC:  2    Str:  4    XL:     3   Next: 16%
Magic:  8/8        EV: 17    Int: 16    God:
Gold:   141        SH:  0    Dex: 17    Spells: 5/7 levels left

rFire   . . .      SeeInvis +   a - +1 dagger
rCold   . . .      Faith    .   (no shield)
rNeg    . . .      Spirit   .   h - +0 robe
rPois   .          Reflect  .   (helmet restricted)
rElec   .          Harm     .   (no cloak)
rCorr   .          Rampage  .   (gloves unavailable)
Will    .....                   (boots unavailable)
Stlth   +++.......              (no amulet)
HPRegen 0.05/turn               (no ring)
MPRegen 0.11/turn               (no ring)

@: very quick
A: very small, no large weapons, unfitting armour, see invisible, speed 3
a: no special abilities


You were on level 2 of the Dungeon.
You visited 1 branch of the dungeon, and saw 2 of its levels.

You collected 141 gold pieces.

Inventory:

Hand Weapons
 a - a +1 dagger (weapon)
 b - a +1 sling of freezing
Armour
 h - a +0 robe (worn)
Scrolls
 d - 2 scrolls of identify {unknown}
 e - a scroll of butterflies {unknown}
 f - a scroll of teleportation {unknown}
Potions
 c - a potion of invisibility
 g - a potion of haste {unknown}
 i - a potion of might
 j - 2 potions of brilliance {unknown}
 k - a potion of attraction {unknown}


   Skills:
 + Level 0.9 Fighting
 + Level 1.2 Short Blades
 + Level 2.7 Dodging
 * Level 6.1 Stealth
 - Level 2.6 Spellcasting
 - Level 3.6 Hexes


You had 5 spell levels left.
You knew the following spells:

 Your Spells              Type           Power      Damage    Failure   Level
a - Ensorcelled Hibernat  Hex/Ice        14%        N/A       14%         2

Your spell library contained the following spells:

 Spells                   Type           Power      Damage    Failure   Level
 Confusing Touch          Hex            13%        N/A       13%         3
 Tukima's Dance           Hex            13%        N/A       13%         3
 Foxfire                  Conj/Fire      8%         2x1d4     19%         1
 Dazzling Flash           Conj/Hex       14%        N/A       28%         3
 Inner Flame              Hex/Fire       7%         N/A       28%         3
 Conjure Flame            Conj/Fire      2%         6-21      50%         3
 Flame Wave               Conj/Fire      2%         2d4       88%         4


Dungeon Overview and Level Annotations

Branches:
Dungeon (2/15)

Altars:


Innate Abilities, Weirdness & Mutations

You are very small and have problems with some larger weapons.
You are too small for most types of armour.
You have supernaturally acute eyesight. (SInv)
You cover ground extremely quickly. (Speed+++)


Message History

The adder is severely wounded.
The adder bites you but does no damage.
You barely miss the adder.
The adder is severely wounded.
The adder hisses angrily.
You hit the adder.
You kill the adder!
You have reached level 3!
Your experience leads to an increase in your attributes!
Increase (S)trength, (I)ntelligence, or (D)exterity?
You feel agile. x2
You start resting.
You flicker for a moment.
You flicker back into view.
You feel a little less mighty now.
A gnoll is nearby!
The gnoll shouts!
You hear a shout! x2
You hit the gnoll.
The gnoll is moderately wounded.
The gnoll barely misses you.
You hit the gnoll.
The gnoll is heavily wounded.
The gnoll barely misses you.
You hit the gnoll.
The gnoll is almost dead.
The gnoll closely misses you.
You completely miss the gnoll.
The gnoll is almost dead.
You closely miss the gnoll.
The gnoll is almost dead.
The gnoll completely misses you.
You barely miss the gnoll.
The gnoll is almost dead.
The gnoll hits you with a +0 flail.
* * * LOW HITPOINT WARNING * * *
You barely miss the gnoll.
The gnoll is almost dead.
The gnoll hits you with a +0 flail!
Ouch! That really hurt!
You die...

...... ##.# ##.# #####.
#.#####..## .#
#.....#...# .#
#####...#.# ...
#.########....### ....
#. #......####.#...#
###.. #..#####
##...##.....# #.
##.g...###.......###..#
#...gg@....####....# .#
....####.#### ##.#.# #
# #..# #.#...
#.####.#### #.# #..#
#.........####.# ###
########....##.#
##......# ###....#
#....#


You could see 3 gnolls.

Vanquished Creatures
  An adder (D:2)
  A worm (D:2)
  A dart slug (D:2)
  A ball python (D:2)
  An endoplasm (D:1)
  3 giant cockroaches
  A hobgoblin (D:1)
  A kobold (D:1)
  3 quokkas
  A bat (D:1)
  2 frilled lizards (D:1)
  2 goblins (D:1)
  2 rats (D:1)
20 creatures vanquished.

Notes
Turn   | Place    | Note
-------+----------+-------------------------------------------
     0 | D:1      | Powertoast the Spriggan Enchanter began the quest for the
                  | Orb.
     0 | D:1      | Reached XP level 1. HP: 9/9 MP: 5/5
   241 | D:1      | Reached skill level 5 in Stealth
   319 | D:1      | Reached XP level 2. HP: 13/13 MP: 6/6
   322 | D:1      | Learned a level 2 spell: Ensorcelled Hibernation
   945 | D:2      | Reached skill level 6 in Stealth
  1012 | D:2      | Reached XP level 3. HP: 2/17 MP: 8/8
  1107 | D:2      | Slain by a gnoll

Illustrated notes

Levels and vault maps discovered:
D:1:      amcnicky_arrival_flooded_fountain, layout_rooms
D:2:      layout_rooms

Skill      XL: |  1  2 |
---------------+-------+-----
Stealth        | 5 6 |  6.1
Fighting       | |  0.9
Short Blades   | |  1.2
Dodging        | |  2.7
Spellcasting   | |  2.6
Hexes          | |  3.6

Action                   || total
-------------------------++-------
Melee: Dagger            ||    44
 Fire: Sling             ||    12
 Cast: Ensorcelled Hiber ||     1
  Use: Potion            ||     2
 Stab: Sleeping          ||     7
Armor: Robe              ||     3
Dodge: Dodged            ||    38
